 Dungeon Crawl Stone Soup version 0.24.0-37-gcf1ca852f1 (webtiles) character file.

Game seed: 16832534069746544736, levelgen mode: deterministic

239 Delamore the Cleaver (level 6, -4/51 HPs)
             Began as a Hill Orc Fighter on Nov 27, 2019.
             Splashed by Ijyb's acid (7 damage)
             ... on level 3 of the Dungeon.
             The game lasted 00:02:08 (2502 turns).

Delamore the Cleaver (Hill Orc Fighter)             Turns: 2502, Time: 00:02:09

Health: -4/51      AC:  6    Str: 21    XL:     6   Next: 7%
Magic:  6/6        EV:  7    Int:  8    God:
Gold:   131        SH:  9    Dex: 10    Spells: 5/5 levels left

rFire    . . .     SeeInvis .   a - +0 war axe
rCold    . . .     Gourm    .   c - +0 shield
rNeg     . . .     Faith    .   b - +0 scale mail
rPois    .         Spirit   .   (no helmet)
rElec    .         Reflect  .   (no cloak)
rCorr    .         Harm     .   (no gloves)
MR       .....                  (no boots)
Stlth    ..........             (no amulet)
HPRegen  0.17/turn              (no ring)
MPRegen  0.10/turn              (no ring)

@: no status effects
A: no striking features
a: no special abilities


You were on level 3 of the Dungeon.
You were not hungry.

You visited 1 branch of the dungeon, and saw 3 of its levels.

You collected 131 gold pieces.

Inventory:

Hand Weapons
 a - a +0 war axe (weapon)
Missiles
 m - 26 poisoned darts (quivered)
Armour
 b - a +0 scale mail (worn)
 c - a +0 shield (worn)
Scrolls
 e - 2 scrolls of enchant armour {unknown}
 g - a scroll of blinking {unknown}
 i - 2 scrolls of teleportation {unknown}
 j - a scroll of fog {unknown}
 k - 7 scrolls of identify {unknown}
 p - a scroll of enchant weapon {unknown}
Potions
 d - a potion of might
 h - a potion of brilliance {unknown}
 n - a potion of haste
 o - a potion of ambrosia {unknown}
Comestibles
 f - 2 rations
 l - 11 chunks of flesh


   Skills:
 - Level 3.6 Fighting
 + Level 8.1 Axes
 - Level 3.2 Armour
 - Level 3.2 Shields


You had 5 spell levels left.
You didn't know any spells.
Your spell library was empty.

Dungeon Overview and Level Annotations

Branches:
Dungeon (3/15)

Altars:

Annotations:
D:3 Ijyb


Message History

Ijyb the Twisted Goblin comes into view.
She is wielding a +0 dagger and carrying a wand of acid (11).
Ijyb is nearby!
Ijyb zaps a wand.
The bolt of acid hits you!
You are splashed with acid!
You are too injured to fight recklessly!
You are too injured to fight recklessly!
You are too injured to fight recklessly!
You are too injured to fight recklessly!
You are too injured to fight recklessly!
You are too injured to fight recklessly!
You are too injured to fight recklessly!
You are too injured to fight recklessly!
You are too injured to fight recklessly!
Found a stone staircase leading down.
Ijyb closely misses you.
You barely miss Ijyb. Ijyb hits you but does no damage. x2
You closely miss Ijyb. You block Ijyb's attack.
You closely miss Ijyb.
Ijyb zaps a wand.
The bolt of acid hits you!!
* * * LOW HITPOINT WARNING * * *
You are splashed with acid!
You die...

#.# ###
###.########
#..#........
#.#.########
#...# #..##
#..##
#.###...#
#.....@.#
#####.g.#
#..## #...
##.# #.# #>#
#.#


You could see Ijyb.

Vanquished Creatures
  A crimson imp (D:2)
  An orc wizard (D:3)
  Jessica (D:2)
  Natasha (thrice) (D:2)
  2 adders (D:2)
  A worm (D:2)
  2 dart slugs (D:2)
  2 leopard geckos
  2 orcs (D:3)
  5 bats
  3 giant cockroaches (D:3)
  6 goblins
  6 hobgoblins
  A ball python (D:3)
  2 frilled lizards (D:1)
  7 kobolds
  7 rats
52 creatures vanquished.

Notes
Turn   | Place    | Note
-------+----------+-------------------------------------------
     0 | D:1      | Delamore the Hill Orc Fighter began the quest for the Orb.
     0 | D:1      | Reached XP level 1. HP: 19/19 MP: 1/1
    45 | D:1      | Reached skill level 3 in Axes
    59 | D:1      | You fall into a shaft and drop 1 floor!
   111 | D:2      | Reached XP level 2. HP: 26/26 MP: 2/2
   120 | D:2      | Noticed Natasha
   121 | D:2      | Noticed a crimson imp
   129 | D:2      | Killed Natasha
   129 | D:2      | Reached skill level 5 in Axes
   129 | D:2      | Reached XP level 3. HP: 6/31 MP: 3/3
   378 | D:2      | Noticed Natasha
   391 | D:2      | Killed Natasha
   391 | D:2      | Reached XP level 4. HP: 4/39 MP: 4/4
  1236 | D:1      | Reached skill level 6 in Axes
  1663 | D:2      | Reached XP level 5. HP: 45/45 MP: 5/5
  1961 | D:2      | Reached skill level 7 in Axes
  1966 | D:2      | Noticed Jessica
  1969 | D:2      | Killed Jessica
  2152 | D:2      | Noticed Natasha
  2159 | D:2      | Killed Natasha
  2415 | D:3      | Reached skill level 8 in Axes
  2415 | D:3      | Reached XP level 6. HP: 46/51 MP: 6/6
  2495 | D:3      | Noticed Ijyb
  2502 | D:3      | Splashed by Ijyb's acid

Levels and vault maps discovered:
D:1:      zaba_arrival_water, layout_basic
D:2:      layout_loops_ring, minmay_tromino_v4_c, uniq_natasha, uniq_jessica
D:3:      corexii_shack_village, layout_loops_ring, uniq_robin, uniq_ijyb,
          uniq_terence

Skill      XL: |  1  2  3  4  5 |
---------------+----------------+-----
Axes           | 3 5 6 8 |  8.1
Fighting       | |  3.6
Armour         | |  3.2
Shields        | |  3.2

Action                   |  1- 3 |  4- 6 || total
-------------------------+-------+-------++-------
Melee: War axe           |    26 |   145 ||   171
  Eat: Chunk             |       |     5 ||     5
Armor: Scale mail        |    13 |    64 ||    77
Dodge: Dodged            |     9 |    34 ||    43
Block: Shield            |     9 |    62 ||    71
